AoeStats
← faysaladn

Arabia

509704241Analyzed
1v1 RM · 4d ago on Sep 27, 2026· 40m 26s· 2 players
Game mode
Random Map
Map size
Tiny (2 player)
Population
200
Speed
Normal
Resources
Standard
Victory
Conquest
Starting age
Dark Age
Ending age
Imperial Age
RankedLock teamsTeams togetherTeam positionsShared explorationLock speedFull tech treeHidden civsTurbo modeCheats
Victory
Defeat
🇭🇷 Franks · Croatia
932
+16
🇹🇷 Goths · Türkiye
938
-16
Baroon Valm
4:01 Loom
13:18 Feudal Age
14:06 Man-at-Arms
14:38 Double-Bit Axe
17:48 Scale Mail Armor
20:59 Forging
26:52 Wheelbarrow
27:48 Fletching
34:19 Castle Age
34:39 Long Swordsman
39:34 Chain Mail Armor
faysaladn
0:35 Loom
10:37 Feudal Age
11:11 Man-at-Arms
13:56 Scale Mail Armor
20:38 Gold Mining
20:35 Double-Bit Axe
27:00 Horse Collar
29:09 Forging
30:40 Bloodlines
38:55 Castle Age
39:38 Long Swordsman
Connection lost

Rejoining the realm…

Still unreachable

The connection could not be restored.

Session expired

The server has moved on; the page needs a fresh start.